 Dungeon Crawl Stone Soup version 0.20.1-1-g8b1a95d66d (webtiles) character file.

12128 Pixllover the Cruncher (level 11, 0/99 HPs)
             Began as a Minotaur Berserker on Dec 25, 2017.
             Was a High Priest of Trog.
             Slain by a wolf (5 damage)
             ... led by Grum
             ... on level 11 of the Dungeon.
             The game lasted 00:37:13 (12725 turns).

Pixllover the Cruncher (Minotaur Berserker)        Turns: 12725, Time: 00:37:14

Health: 0/99       AC: 13    Str: 25    XL:     11   Next: 58%
Magic:  10/10      EV: 13    Int:  6    God:    Trog [*****.]
Gold:   504        SH:  4    Dex: 10    Spells: 10/10 levels left

rFire    + + .     SeeInvis .   s - +4 quarterstaff
rCold    + . .     Gourm    .   (shield currently unavailable)
rNeg     . . .     Faith    .   d - +1 scale mail {rF+}
rPois    +         Spirit   .   (helmet restricted)
rElec    +         Reflect  .   (no cloak)
rCorr    +         Harm     .   w - +0 pair of gloves
MR       +....                  (no boots)
Stlth    ..........             B - amulet of magic regeneration
Regen    0.3/turn               h - ring of resist corrosion
MPRegen  0.2/turn               y - ring of protection from magic

@: resistant, very slightly contaminated
A: retaliatory headbutt, horns 2, large bone plates 1, molten scales 1, clever
1, deterioration 1
a: Berserk, Trog's Hand, Brothers in Arms, Burn Spellbooks, Renounce Religion


You were on level 11 of the Dungeon.
You worshipped Trog.
Trog was extremely pleased with you.
You were not hungry.

You visited 2 branches of the dungeon, and saw 12 of its levels.

You collected 504 gold pieces.

Inventory:

Hand Weapons
 m - a +2 flail of protection
 p - a +1 dire flail of protection
 s - a +4 quarterstaff (weapon)
 t - a +1 antimagic quarterstaff
 D - a +1 great mace of protection
Missiles
 v - 5 tomahawks of returning (quivered)
Armour
 d - a +1 scale mail of fire resistance (worn)
 w - a +0 pair of gloves (worn)
Jewellery
 h - a ring of resist corrosion (left hand)
 r - an uncursed ring of ice
 y - a ring of protection from magic (right hand)
 B - an amulet of magic regeneration (around neck)
Wands
 o - a wand of polymorph (24/24)
Scrolls
 b - 2 scrolls of fear
 k - a scroll of identify
 n - 6 scrolls of remove curse
 u - a scroll of teleportation
 x - a scroll of blinking
Potions
 a - 2 potions of agility
 e - 4 potions of curing
 i - a potion of magic
 l - a potion of heal wounds {unknown}
 q - 3 potions of might
 z - a potion of degeneration {unknown}
Comestibles
 c - 4 bread rations
 f - 13 royal jellies
 j - 5 meat rations


   Skills:
 + Level 9.9 Fighting
 + Level 8.4(11.7) Maces & Flails
   Level 4.3(9.6) Polearms
 + Level 13.0(14.0) Staves
 + Level 0.2 Throwing
 + Level 10.3 Armour
 + Level 6.6 Dodging
 + Level 1.5 Stealth


You had 10 spell levels left.
You didn't know any spells.

Dungeon Overview and Level Annotations

Branches:
Dungeon (11/15)            Temple (0/1) D:4            Lair (0/6) D:10
    Orc (1/2) D:9

Altars:
Dithmenos
Kikubaaqudgha
Nemelex Xobeh
Okawaru
Trog


Innate Abilities, Weirdness & Mutations

You reflexively headbutt those who attack you in melee.
You have a pair of horns on your head.
You are partially covered in large bone plates. (SH +4)
You are partially covered in molten scales. (AC +2)
Your mind is acute. (Int +2)
Your body sometimes deteriorates upon taking damage.


Message History

The wolf bites you but does no damage.
You sock the purple ugly thing!
The purple ugly thing is almost dead.
You block the wolf's attack.
The purple ugly thing closely misses you.
You closely miss the purple ugly thing.
The purple ugly thing is almost dead.
The wolf bites you.
* * * LOW HITPOINT WARNING * * *
You block the purple ugly thing's attack.
You sock the purple ugly thing!
You kill the purple ugly thing!
Trog accepts your kill.
Your base Staves skill increases to level 13!
The wolf bites you.
* * * LOW HITPOINT WARNING * * *
You thump the ogre!
The ogre is moderately wounded.
The wolf bites you.
You die...

#.......# #..# #.##..#
#...##..# #..# #.##..#
#)†.##..###..# #.##..#
#...##....... #†##..#
#...##.......###.....#
.####...##..# #..........#
........##..# #......##..##
.#####..##.(# #...#..##....
#..##@.# #...#..##....
#..##Oh# #.. #..##....
#..##..# #. #..##...#
#..##..# #. #..##...#
#..##..# #..##...# #..##..#
#..##...# .#####..##..#
#.......#
........##..###...#.......#
.......†##........#..###..#


You could see an ogre and a wolf.

Vanquished Creatures
  Harold (D:11)
  A centaur warrior (D:11)
  A death knight (D:11)
  Pikel (D:7)
  An ugly thing (D:11)
  A centaur zombie (D:10)
  Joseph (D:10)
  Psyche (D:10)
  A gargoyle (D:10)
  2 freezing wraiths (D:11)
  3 trolls
  2 hornets (D:8)
  A hippogriff (D:9)
  A vampire (D:10)
  A wyvern (D:10)
  Sigmund (D:6)
  A wraith (D:11)
  Eustachio (D:5)
  3 yaks (D:11)
  Grum (D:11)
  A soldier ant (D:8)
  2 hell hounds (D:10)
  2 water moccasins
  2 black bears (D:6)
  3 orc warriors
  A sky beast (D:5)
  A slave (D:7)
  A phantom (D:8)
  3 ogres
  3 wolves (D:11)
  8 centaurs
  A big kobold (D:6)
  Blork the orc (D:6)
  A wyvern zombie (D:9)
  3 bullfrogs
  4 scorpions
  14 killer bees
  4 crimson imps
  3 howler monkeys
  2 bullfrog zombies
  4 hounds
  A quasit (D:10)
  3 jellies
  2 orc priests
  9 orc wizards
  3 centaur skeletons
  Jessica (D:2)
  2 iguanas
  7 worker ants
  2 worker ant zombies
  10 gnolls
  A howler monkey skeleton (D:6)
  9 adders
  An ooze (D:2)
  An adder zombie (D:8)
  2 adder skeletons (D:8)
  5 worms
  2 dart slugs
  6 leopard geckos
  36 orcs
  8 giant cockroaches
  10 goblins
  5 hobgoblins
  8 jackals
  13 kobolds
  5 quokkas
  3 ball pythons
  10 bats
  4 frilled lizards
  7 rats
266 creatures vanquished.

Vanquished Creatures (others)
  An adder (D:7)
1 creature vanquished.

Grand Total: 267 creatures vanquished

Notes
Turn   | Place    | Note
-------+----------+-------------------------------------------
     0 | D:1      | Pixllover the Minotaur Berserker began the quest for the Orb.
     0 | D:1      | Reached XP level 1. HP: 19/19 MP: 0/0
    64 | D:1      | Reached XP level 2. HP: 9/27 MP: 1/1
   630 | D:1      | Reached ** piety under Trog
   720 | D:1      | Reached XP level 3. HP: 23/33 MP: 2/2
  1264 | D:2      | Found an iron altar of Okawaru.
  1607 | D:2      | Reached XP level 4. HP: 41/41 MP: 3/3
  1751 | D:2      | Reached skill level 1 in Maces & Flails
  1829 | D:2      | Noticed Jessica
  1837 | D:2      | Killed Jessica
  2186 | D:2      | Found a shadowy altar of Dithmenos.
  2483 | D:3      | Reached *** piety under Trog
  2539 | D:3      | Found a sparkling altar of Nemelex Xobeh.
  2634 | D:3      | Reached XP level 5. HP: 45/47 MP: 4/4
  3328 | D:3      | Reached skill level 5 in Fighting
  4066 | D:4      | Found a staircase to the Ecumenical Temple.
  4095 | D:4      | Noticed an orc warrior
  4105 | D:4      | Killed an orc warrior
  4105 | D:4      | Reached XP level 6. HP: 17/56 MP: 5/5
  4597 | D:4      | Reached skill level 5 in Maces & Flails
  5174 | D:5      | Entered Level 5 of the Dungeon
  5203 | D:5      | Reached **** piety under Trog
  5203 | D:5      | Reached XP level 7. HP: 40/61 MP: 6/6
  5319 | D:5      | Noticed Eustachio
  5336 | D:5      | Killed Eustachio
  5336 | D:5      | Reached skill level 5 in Armour
  5860 | D:5      | Reached skill level 1 in Stealth
  6101 | D:6      | Reached XP level 8. HP: 59/70 MP: 7/7
  6245 | D:6      | Noticed Sigmund
  6259 | D:6      | Killed Sigmund
  6403 | D:6      | Received a gift from Trog
  6425 | D:6      | Found a bloodstained altar of Trog.
  6442 | D:6      | Reached skill level 1 in Staves
  6498 | D:6      | Reached skill level 2 in Staves
  6559 | D:6      | Noticed Blork the orc
  6567 | D:6      | Killed Blork the orc
  6925 | D:6      | Reached skill level 3 in Staves
  7032 | D:7      | Reached skill level 4 in Staves
  7126 | D:7      | Noticed Pikel
  7139 | D:7      | Killed Pikel
  7139 | D:7      | Reached skill level 5 in Staves
  7139 | D:7      | Reached XP level 9. HP: 68/78 MP: 8/8
  7189 | D:7      | Reached skill level 6 in Staves
  8061 | D:8      | Reached skill level 7 in Staves
  8324 | D:8      | Reached skill level 8 in Staves
  8482 | D:8      | Found an ancient bone altar of Kikubaaqudgha.
  8715 | D:8      | Paralysed by a hornet for 3 turns
  8718 | D:8      | Reached skill level 9 in Staves
  9049 | D:8      | Reached XP level 10. HP: 72/88 MP: 9/9
  9339 | D:9      | Reached ***** piety under Trog
  9389 | D:9      | Gained mutation: You tend to lose your temper in combat. [potion of mutation]
  9389 | D:9      | Gained mutation: You have supernaturally acute eyesight. (SInv) [potion of mutation]
  9389 | D:9      | Gained mutation: You have a pair of large horns on your head. [potion of mutation]
  9390 | D:9      | Lost mutation: You have supernaturally acute eyesight. (SInv) [potion of mutation]
  9390 | D:9      | Lost mutation: You tend to lose your temper in combat. [potion of mutation]
  9390 | D:9      | Lost mutation: You have a pair of large horns on your head. [potion of mutation]
  9390 | D:9      | Gained mutation: Your mind is acute. (Int +2) [potion of mutation]
  9390 | D:9      | Gained mutation: Your body sometimes deteriorates upon taking damage. [potion of mutation]
  9390 | D:9      | Gained mutation: You are partially covered in large bone plates. (SH +4) [potion of mutation]
  9390 | D:9      | Gained mutation: You are partially covered in molten scales. (AC +2) [potion of mutation]
  9701 | D:9      | Reached skill level 10 in Staves
  9767 | D:9      | Found a staircase to the Orcish Mines.
 10071 | Orc:1    | Entered Level 1 of the Orcish Mines
 10111 | Orc:1    | Noticed an ettin
 10354 | D:10     | Entered Level 10 of the Dungeon
 10354 | D:10     | Found a staircase to the Lair.
 10534 | D:10     | Reached skill level 5 in Dodging
 10537 | D:10     | Noticed Joseph
 10555 | D:10     | Killed Joseph
 10844 | D:10     | Noticed a gargoyle
 10868 | D:10     | Reached skill level 11 in Staves
 10885 | D:10     | Killed a gargoyle
 11115 | D:10     | Received a gift from Trog
 11576 | D:10     | Noticed Psyche
 11584 | D:10     | Killed Psyche
 11794 | D:11     | Noticed a centaur warrior
 11806 | D:11     | Reached XP level 11. HP: 82/95 MP: 10/10
 11818 | D:11     | Killed a centaur warrior
 11818 | D:11     | Reached skill level 12 in Staves
 12211 | D:11     | Noticed Harold
 12231 | D:11     | Killed Harold
 12249 | D:11     | Noticed a death knight
 12251 | D:11     | Reached skill level 10 in Armour
 12265 | D:11     | Killed a death knight
 12672 | D:11     | Noticed Grum
 12680 | D:11     | Killed Grum
 12682 | D:11     | Noticed a green ugly thing
 12724 | D:11     | Killed a purple ugly thing
 12724 | D:11     | Reached skill level 13 in Staves
 12725 | D:11     | Slain by a wolf

Skill      XL: |  1  2  3  4  5  6  7  8  9 10 11 |
---------------+----------------------------------+-----
Fighting       | 4 5 6 7 8 9 |  9.9
Polearms       | 4 |  4.3
Armour         | 3 4 5 7 8 9 10 | 10.3
Maces & Flails | 2 4 5 7 8 |  8.4
Dodging        | 3 4 5 6 |  6.6
Stealth        | 1 |  1.5
Staves         | 5 9 11 13 | 13.0
Throwing       | |  0.2

Action                   |  1- 3 |  4- 6 |  7- 9 | 10-12 || total
-------------------------+-------+-------+-------+-------++-------
Melee: Spear             |    12 |       |       |       ||    12
       Mace              |    55 |    94 |       |       ||   149
       Headbutt          |     8 |    23 |    50 |    61 ||   142
       Flail             |       |    65 |    54 |       ||   119
       Quarterstaff      |       |       |   183 |   289 ||   472
Throw: Tomahawk          |       |       |       |     1 ||     1
Invok: Burn Spellbooks   |       |     2 |     2 |       ||     4
       Berserk           |       |     1 |     1 |     2 ||     4
  Use: Scroll            |     1 |     5 |     7 |     6 ||    19
       Potion            |       |     1 |     4 |     8 ||    13
  Eat: Chunk             |     2 |    11 |     7 |     1 ||    21
       Royal jelly       |       |     1 |       |       ||     1
       Fruit             |       |       |     1 |       ||     1
       Meat ration       |       |       |     1 |       ||     1
       Bread ration      |       |       |       |     3 ||     3
Armor: Animal skin       |    18 |       |       |       ||    18
       Scale mail        |    14 |    17 |   108 |   124 ||   263
       Plate armour      |     4 |    78 |       |       ||    82
Dodge: Dodged            |    94 |    80 |   143 |   224 ||   541
Block: Other             |       |       |       |    50 ||    50
